 Dungeon Crawl Stone Soup version 0.18-a0-1649-g8d9735b (webtiles) character file.

11919 inmateoo the Cleaver (level 11, -6/102 HPs)
             Began as a Minotaur Arcane Marksman on Mar 29, 2016.
             Was a High Priest of Pakellas.
             Mangled by a cyclops (11 damage)
             ... on level 12 of the Dungeon.
             The game lasted 00:20:00 (12577 turns).

inmateoo the Cleaver (Minotaur Arcane Marksman)    Turns: 12577, Time: 00:20:01

Health: -6/102     AC: 16    Str: 18    XL:     11   Next: 55%
Magic:  14/14      EV: 10    Int: 10    God:    Pakellas [*****.]
Gold:   555        SH:  0    Dex: 11    Spells: 0 memorised, 12 levels left

rFire  . . .     SeeInvis .     G - +0 battleaxe
rCold  . . .     Gourm    .     g - +2 scale mail {rN+}
rNeg   + . .     Faith    .     (shield currently unavailable)
rPois  +         Spirit   .     (helmet restricted)
rElec  .         Dismiss  .     V - +0 cloak {MR+}
rCorr  .         Reflect  .     a - +0 pair of gloves
SustAt .         Harm     .     O - +2 pair of boots
MR     +....     Rnd*Rage +     C - amulet of rage
Stlth  ..........               r - ring of poison resistance
                                S - +3 ring of slaying

@: somewhat resistant to hostile enchantments, extremely unstealthy
A: retaliatory headbutt, horns 2, berserk 1, deterioration 1, regeneration 1
a: Quick Charge, Device Surge, Renounce Religion, Evoke Berserk Rage


You were on level 12 of the Dungeon.
You worshipped Pakellas.
Pakellas was extremely pleased with you.
You were very hungry.

You visited 2 branches of the dungeon, and saw 13 of its levels.
You also visited: Ossuary.

You collected 873 gold pieces.
You spent 318 gold pieces at shops.

Inventory:

Hand Weapons
 v - a +3 flail
 x - a +3 whip of venom
 G - a +0 battleaxe (weapon)
Armour
 a - a +0 pair of gloves (worn)
 g - a +2 scale mail of positive energy (worn)
 O - a +2 pair of boots (worn)
 V - a +0 cloak of magic resistance (worn)
Rods
 M - a +2 iron rod (10/10)
   (Pakellas gifted it to you on level 9 of the Dungeon)
Jewellery
 r - a ring of poison resistance (right hand)
 C - an amulet of rage (around neck)
 N - a cursed ring of teleportation
 S - a +3 ring of slaying (left hand)
Wands
 m - a wand of digging (9/24)
 E - a wand of hasting (4/9)
 H - a wand of iceblast (9/15)
 L - a wand of lightning (6/15)
 P - a wand of flame (17/48)
 R - a wand of confusion (26/48)
 T - a wand of flame (19/48)
 Y - a wand of lightning (6/15)
 Z - a wand of acid (5/15)
Scrolls
 k - 5 scrolls of teleportation
 q - 9 scrolls of remove curse
 w - a scroll of recharging
 y - a scroll of fog
 z - 3 scrolls of fear
 B - 3 scrolls of identify
 K - 4 scrolls of enchant weapon
 U - a scroll of amnesia
 W - a scroll of blinking
 X - a scroll of magic mapping
Potions
 b - 2 potions of agility
 d - 3 potions of haste
 e - 4 potions of magic
 j - 2 potions of ambrosia
 l - 2 potions of might
 n - 3 potions of flight
 o - a potion of berserk rage
 p - 5 potions of heal wounds
 t - a potion of invisibility
 u - a potion of beneficial mutation
 A - 4 potions of lignification
 D - 4 potions of curing
 F - 6 potions of cancellation
 I - 2 potions of brilliance
 J - a potion of resistance
Books
 c - a book of Debilitation

   Spells                             Type                      Level
   a - Corona                         Hexes                        1
   b - Slow                           Hexes                        2
   c - Gell's Gravitas                Hexes/Translocation          3
   d - Inner Flame                    Hexes/Fire                   3
   e - Cause Fear                     Hexes                        4
   f - Leda's Liquefaction            Hexes/Earth                  4
 Q - a book of the Sky

   Spells                             Type                      Level
   a - Summon Lightning Spire         Summoning/Air                4
   b - Airstrike                      Air                          4
   c - Silence                        Hexes/Air                    5
   d - Deflect Missiles               Charms/Air                   6
   e - Conjure Ball Lightning         Conjuration/Air              6
   f - Tornado                        Air                          9
Comestibles
 f - 9 bread rations
 h - 9 slices of pizza
 i - 7 meat rations


   Skills:
 + Level 11.4 Fighting
 * Level 13.7 Axes
   Level 2.1 Crossbows
 + Level 9.8 Armour
 - Level 2.1 Dodging
 - Level 1.0 Spellcasting
   Level 2.0 Hexes
 + Level 5.5 Evocations


You had 12 spell levels left.
You didn't know any spells.

Dungeon Overview and Level Annotations

Branches:
Dungeon (12/15)            Temple (1/1) D:6            Lair (0/8) D:9
    Orc (0/2) D:10

Altars:
Ashenzari
Cheibriados
Dithmenos
Elyvilon
Fedhas
Gozag
Kikubaaqudgha
Makhleb
Nemelex Xobeh
Okawaru
Pakellas
Qazlal
Ru
Sif Muna
Trog
Vehumet
Xom
Yredelemnul
Zin
The Shining One

Shops:
D:5 [   D:7 =


Innate Abilities, Weirdness & Mutations

You reflexively headbutt those who attack you in melee.
You have a pair of horns on your head.
You tend to lose your temper in combat.
Your body sometimes deteriorates upon taking damage.
Your natural rate of healing is unusually fast.


Message History

The cyclops hits you!!
* * * LOW HITPOINT WARNING * * *
You are too injured to fight recklessly!
You are too injured to fight recklessly!
You hit the cyclops but do no damage.
You headbutt the cyclops, but do no damage.
The cyclops is severely wounded.
The cyclops hits you!
* * * LOW HITPOINT WARNING * * *
You hit the cyclops.
The cyclops is almost dead.
You hit the cyclops but do no damage.
The cyclops is almost dead.
The cyclops hits you.
* * * LOW HITPOINT WARNING * * *
You slash the cyclops!
The cyclops is almost dead.
The cyclops hits you!
You die...
Pakellas says: Time to start the next experiment...

###.##.####..###.....#####
....##.........<...###
..............###.##
............ ##.#
............ #..#
............ #.##
............ #(#
............ #.#
............ #@#
.......##### #C# .......##
..# ........# #...
........# #.##
........##### #.
............. ..
.........### #.
....รท......# ...


You could see a cyclops.

Vanquished Creatures
  A hill giant (D:9)
  Pikel (D:8)
  A deep elf mage (D:11)
  Maurice (D:11)
  Joseph (D:9)
  The ghost of Kidiri the Magician, a novice DEFE of Vehumet (D:5)
  3 slime creatures
  Sigmund (D:4)
  15 yaks
  A wraith (D:8)
  A shadow (D:12)
  3 wyverns
  A basilisk (D:9)
  2 hippogriffs
  2 hungry ghosts
  Duvessa (D:5)
  4 slaves (D:8)
  5 sky beasts
  A phantom (D:4)
  6 orc warriors
  An ice beast (D:8)
  2 centaurs (D:6)
  5 ogres
  A crocodile (D:10)
  A big kobold (D:9)
  5 giant frogs
  3 scorpions (D:5)
  Dowan (D:5)
  14 wights
  2 howler monkeys (D:10)
  2 giant frog zombies
  7 crimson imps
  2 hounds
  7 jellies
  A centaur zombie (D:8)
  6 orc priests
  2 centaur skeletons (D:5)
  13 orc wizards
  A giant frog skeleton (D:4)
  Natasha (thrice) (D:4)
  5 iguanas
  6 worker ants
  12 mummies (Ossuary)
  A worker ant zombie (D:9)
  Robin (D:1)
  8 gnolls
  15 adders
  A howler monkey skeleton (D:9)
  3 river rats (D:9)
  A shadow imp (D:6)
  An ooze (D:3)
  An adder zombie (D:8)
  An adder skeleton (D:6)
  8 worms
  3 dart slugs
  5 giant geckos
  40 orcs
  7 giant cockroaches
  16 goblins
  10 hobgoblins
  16 jackals
  12 kobolds
  5 quokkas
  A ball python (D:3)
  17 bats
  5 giant newts
  A jackal skeleton (D:3)
  2 kobold skeletons (Ossuary)
  6 orc skeletons (Ossuary)
  A quokka skeleton (D:7)
  2 quokka zombies
  21 rats
  11 rat skeletons (Ossuary)
  A spectral orc (D:6)
  2 butterflies (D:6)
  A fungus (D:9)
380 creatures vanquished.

Vanquished Creatures (others)
  A plant (D:9)
1 creature vanquished.

Grand Total: 381 creatures vanquished

Notes
Turn   | Place    | Note
--------------------------------------------------------------
     0 | D:1      | inmateoo the Minotaur Arcane Marksman began the quest for the Orb.
     0 | D:1      | Reached XP level 1. HP: 16/16 MP: 1/1
   152 | D:1      | Reached XP level 2. HP: 25/25 MP: 2/2
   801 | D:1      | Reached XP level 3. HP: 31/31 MP: 3/3
  1164 | D:2      | Found an opulent altar of Gozag.
  1166 | D:2      | Noticed Robin
  1174 | D:2      | Reached XP level 4. HP: 21/41 MP: 4/4
  1257 | D:1      | Killed Robin
  1257 | D:1      | Reached skill level 5 in Fighting
  2068 | D:3      | Reached XP level 5. HP: 21/50 MP: 5/5
  2435 | D:3      | Reached skill level 1 in Axes
  2475 | D:3      | Reached skill level 2 in Axes
  2475 | D:3      | Reached skill level 1 in Armour
  2569 | D:3      | Found a burning altar of Makhleb.
  2803 | D:3      | Reached XP level 6. HP: 57/57 MP: 6/6
  2968 | D:4      | Noticed Sigmund
  2984 | D:4      | Killed Sigmund
  2984 | D:4      | Reached skill level 4 in Axes
  3059 | D:4      | Reached XP level 7. HP: 52/64 MP: 7/7
  3065 | D:4      | Noticed Natasha
  3072 | D:4      | Killed Natasha
  3161 | D:4      | Reached skill level 5 in Axes
  3399 | D:4      | Noticed Natasha
  3407 | D:4      | Killed Natasha
  3783 | D:4      | Noticed Natasha
  3798 | D:4      | Killed Natasha
  4009 | D:5      | Entered Level 5 of the Dungeon
  4027 | D:5      | Reached skill level 6 in Axes
  4107 | D:5      | Reached XP level 8. HP: 63/73 MP: 8/8
  4152 | D:5      | Found a sparkling altar of Nemelex Xobeh.
  4221 | D:5      | Noticed Dowan
  4362 | D:5      | Noticed Kidiri's ghost (novice DEFE)
  4363 | D:5      | Killed Dowan
  4452 | D:5      | Paralysed by Kidiri's ghost for 4 turns
  4468 | D:5      | Killed Kidiri's ghost
  4468 | D:5      | Reached skill level 7 in Axes
  4468 | D:5      | Reached skill level 5 in Armour
  4500 | D:5      | Noticed Duvessa
  4516 | D:5      | HP: 2/111 [Duvessa/short sword of draining (6)]
  4525 | D:5      | Killed Duvessa
  4933 | D:5      | Found Arol's Armour Shoppe.
  4939 | D:5      | Bought a +2 scale mail of positive energy for 234 gold pieces
  4949 | D:5      | Reached skill level 8 in Axes
  5481 | D:6      | Reached skill level 9 in Axes
  5481 | D:6      | Reached XP level 9. HP: 71/82 MP: 9/9
  5745 | D:6      | Found a basalt altar of Yredelemnul.
  5803 | D:6      | Found a staircase to the Ecumenical Temple.
  5820 | Temple   | Entered the Ecumenical Temple
  5842 | Temple   | Became a worshipper of Pakellas the Inventive
  5931 | D:6      | Found a bloodstained altar of Trog.
  5931 | D:6      | Found a deep blue altar of Sif Muna.
  6325 | D:7      | Reached skill level 10 in Axes
  6561 | D:7      | Found a sand-covered staircase.
  6576 | Ossuary  | Entered an ossuary
  6645 | Ossuary  | Reached * piety under Pakellas
  6670 | Ossuary  | Reached skill level 1 in Evocations
  7139 | D:7      | Reached ** piety under Pakellas
  7139 | D:7      | Received a gift from Pakellas
  7410 | D:7      | Found Vore's Jewellery Boutique.
  7415 | D:7      | Bought a cursed amulet of inaccuracy for 26 gold pieces
  7415 | D:7      | Bought a cursed ring of teleportation for 58 gold pieces
  7458 | D:7      | Got a bloodstained hand axe
  7459 | D:7      | Identified the cursed +1 hand axe of Blood {venom, Int+3} (You found it on level 7 of the Dungeon)
  8032 | D:8      | Noticed Pikel
  8062 | D:8      | Killed Pikel
  8062 | D:8      | Reached skill level 11 in Axes
  8062 | D:8      | Reached XP level 10. HP: 36/92 MP: 10/10
  8691 | D:8      | Reached *** piety under Pakellas
  8839 | D:8      | Reached skill level 10 in Fighting
  9140 | D:8      | Gained mutation: You tend to lose your temper in combat. [mutagenic meat]
  9142 | D:8      | Gained mutation: Your body sometimes deteriorates upon taking damage. [mutagenic meat]
  9802 | D:9      | Gained mutation: You are clumsy. (Dex -2) [mutagenic meat]
  9803 | D:9      | Gained mutation: Your natural rate of healing is unusually fast. [mutagenic meat]
  9804 | D:9      | Lost mutation: You are clumsy. (Dex -2) [mutagenic meat]
  9880 | D:9      | Reached skill level 12 in Axes
 10127 | D:9      | Reached **** piety under Pakellas
 10127 | D:9      | Received a gift from Pakellas
 10265 | D:9      | Found a staircase to the Lair.
 10421 | D:9      | Noticed a hill giant
 10429 | D:9      | Killed a hill giant
 10480 | D:9      | Reached ***** piety under Pakellas
 10562 | D:9      | Reached XP level 11. HP: 101/101 MP: 13/13
 10707 | D:9      | Noticed Joseph
 10714 | D:9      | Killed Joseph
 10839 | D:10     | Entered Level 10 of the Dungeon
 11026 | D:10     | Found a staircase to the Orcish Mines.
 11078 | D:10     | Reached skill level 13 in Axes
 11548 | D:11     | Noticed Maurice
 11563 | D:11     | Killed Maurice
 11602 | D:11     | Reached skill level 5 in Evocations
 12107 | D:11     | Found a sacrificial altar of Ru.
 12165 | D:12     | Found a shadowy altar of Dithmenos.
 12167 | D:12     | Noticed a deep elf mage
 12187 | D:11     | Killed a deep elf mage
 12576 | D:12     | HP: 5/102 [cyclops (6)]
 12577 | D:12     | Mangled by a cyclops

Vault maps used:
D:1:      lemuel_arrival_lava_pool
D:2:      nicolae_overflow_crystal_walls, nrook_mini_vaults, uniq_robin
D:3:      gup_sewer_entry_bowl, bloody_makhleb
D:4:      first_bread, uniq_natasha, uniq_sigmund
D:5:      basic_altar, serial_shops, shop, uniq_duvessa
D:6:      yredelemnul_forgotten_temple_becter, minitemple,
          minmay_temple_entry_butterflies, minmay_misc_feat_pillars
D:7:      enter_ossuary_1, serial_shops, nicolae_shop_trees
D:8:      grunt_pizzeria, uniq_pikel
D:9:      kennysheep_big_flooded_room, grunt_lair_entry_orc_guard_hut,
          uniq_joseph
D:10:     orc_0_dummy
D:11:     roderic_roman_lattice, nicolae_ru_the_path_less_chosen, uniq_maurice
D:12:     grunt_dithmenos_smoke
Temple:   lightli_temple_of_artemis
Ossuary:  ossuary_due_small_catacomb

Skill      XL: |  1  2  3  4  5  6  7  8  9 10 11 |
---------------+----------------------------------+-----
Fighting       | 2 3 4 5 6 7 8 9 10 11 | 11.4
Axes           | 2 4 6 9 11 12 13 | 13.7
Armour         | 1 3 4 6 7 9 |  9.8
Evocations     | 2 4 5 |  5.5
Crossbows      | |  2.1
Dodging        | |  2.1
Spellcasting   | |  1.0
Hexes          | |  2.0

Action                   |  1- 3 |  4- 6 |  7- 9 | 10-12 || total
-------------------------+-------+-------+-------+-------++-------
Melee: Unarmed           |       |    73 |       |       ||    73
       Flail             |       |    74 |   102 |       ||   176
       Whip              |       |    41 |   231 |       ||   272
       Hand axe          |       |     8 |       |       ||     8
       Battleaxe         |       |       |   130 |   360 ||   490
 Fire: Hand crossbow     |   103 |    32 |       |       ||   135
Evoke: Wand              |       |       |     1 |     7 ||     8
  Use: Scroll            |       |    12 |    12 |     7 ||    31
       Potion            |       |       |     9 |     1 ||    10
  Eat: Chunk             |       |     7 |    13 |    24 ||    44
       Fruit             |       |       |     3 |       ||     3
       Beef jerky        |       |       |       |     3 ||     3
       Royal jelly       |       |       |       |     1 ||     1
       Pizza             |       |       |       |     1 ||     1
